 Dungeon Crawl Stone Soup version 0.26-a0-84-g8c18429211 (webtiles) character file.

Game seed: 6133373360575106076

1038 Harunobu the Skirmisher (level 8, -7/96 HPs)
             Began as a Demonspawn Berserker on June 21, 2020.
             Was a Priest of Trog.
             Mangled by a wyvern zombie (14 damage)
             ... on level 6 of the Dungeon.
             The game lasted 00:12:13 (8728 turns).

Harunobu the Skirmisher (Demonspawn Berserker)      Turns: 8728, Time: 00:12:14

Health: -7/96      AC:  2    Str: 19    XL:     8   Next: 4%
Magic:  0/8        EV: 13    Int:  8    God:    Trog [***...]
Gold:   361        SH:  0    Dex: 14    Spells: 7/7 levels left

rFire    . . .     SeeInvis .   y - +2 dagger (freeze)
rCold    . . .     Gourm    .   (no shield)
rNeg     . . .     Faith    .   (no armour)
rPois    .         Spirit   +   (helmet restricted)
rElec    .         Reflect  .   A - +0 cloak
rCorr    .         Harm     .   (no gloves)
MR       .....                  B - +0 pair of boots
Stlth    ..........             (no amulet)
HPRegen  0.26/turn              (no ring)
MPRegen  0.22/turn              (no ring)

@: berserking, very quick
A: antennae 2, magic shield, magic regeneration
a: Berserk, Trog's Hand, Renounce Religion


You were on level 6 of the Dungeon.
You worshipped Trog.
Trog was most pleased with you.
You were not hungry.

You visited 1 branch of the dungeon, and saw 6 of its levels.

You collected 361 gold pieces.

Inventory:

Hand Weapons
 a - a +0 mace
 h - a +0 whip
 n - a +0 whip
 p - a +0 whip
 y - a +2 dagger of freezing (weapon)
 z - a +1 hunting sling of flaming
Missiles
 j - 221 stones (quivered)
Armour
 g - a +0 plate armour
 A - a +0 cloak (worn)
 B - a +0 pair of boots (worn)
 C - a +3 scale mail of poison resistance
Jewellery
 u - an uncursed amulet of the acrobat
Scrolls
 e - a scroll of fog {unknown}
 f - 2 scrolls of blinking {unknown}
 i - 5 scrolls of identify
 m - 4 scrolls of teleportation
 r - 3 scrolls of enchant armour
 t - 2 scrolls of random uselessness {unknown}
 v - 4 scrolls of remove curse
 D - a scroll of fear {unknown}
Potions
 b - 2 potions of cancellation
 d - a potion of stabbing {unknown}
 k - 2 potions of haste
 l - 3 potions of curing
 o - 3 potions of heal wounds
 q - a potion of berserk rage {unknown}
 s - a potion of ambrosia {unknown}
 w - a potion of might {unknown}
 x - a potion of magic {unknown}
 E - a potion of mutation {unknown}
Comestibles
 c - 9 rations


   Skills:
 * Level 6.3 Fighting
 * Level 6.0 Maces & Flails
 + Level 3.5 Armour
 + Level 3.1 Dodging


You had 7 spell levels left.
You didn't know any spells.
Your spell library was empty.

Dungeon Overview and Level Annotations

Branches:
Dungeon (6/15)             Temple (0/1) D:4

Altars:
Ashenzari
Gozag
Hepliaklqana
Okawaru
Ru
Sif Muna
Trog
Uskayaw
Vehumet
Yredelemnul


Innate Abilities, Weirdness & Mutations

You have a pair of antennae on your head.
When hurt, damage is shared between your health and your magic reserves.
You regenerate magic rapidly.


Message History

The wyvern zombie is lightly damaged.
The wyvern zombie bites you!
You hit the wyvern zombie.
The wyvern zombie is lightly damaged.
The wyvern zombie misses you.
You hit the wyvern zombie.
The wyvern zombie is moderately damaged.
The wyvern zombie bites you! x2
* * * LOW HITPOINT WARNING * * *
You hit the wyvern zombie.
The wyvern zombie is moderately damaged.
The wyvern zombie bites you!
* * * LOW HITPOINT WARNING * * *
You hit the wyvern zombie.
The wyvern zombie is moderately damaged.
The wyvern zombie barely misses you.
A red film seems to cover your vision as you go berserk!
You feel yourself moving faster!
You feel mighty!
You feel a lot more hungry. The wyvern zombie bites you!
You die...

§# ≈# +. §§+ #≈.
.≈# #≈.. §.≈#
#§§.#######.§≈#
#§§.........§§# .
#≈§..Z@.....§≈# .#
#≈§≈≈≈≈.≈≈≈≈≈≈# ...
#######'#######....
.# #........# .##
#.###...## ..
#.###..## #.##
##.##...# #..#
#..#...#.##
##..###..........#


You could see a wyvern zombie.

Vanquished Creatures
  A phantom (D:5)
  2 ogres
  A scorpion (D:4)
  A centaur zombie (D:5)
  3 crimson imps (D:5)
  2 orc priests (D:4)
  3 orc wizards
  A centaur skeleton (D:4)
  A hound (D:4)
  A bullfrog skeleton (D:4)
  Jessica (D:2)
  5 worker ants
  A hound zombie (D:6)
  A howler monkey zombie (D:6)
  4 gnolls (D:4)
  5 adders
  A shadow imp (D:5)
  2 worms
  A dart slug (D:2)
  A leopard gecko (D:1)
  28 orcs
  2 ball pythons
  6 bats
  4 giant cockroaches
  10 goblins
  5 hobgoblins
  8 jackals
  5 quokkas
  3 frilled lizards
  4 kobolds
  7 rats
120 creatures vanquished.

Notes
Turn   | Place    | Note
-------+----------+-------------------------------------------
     0 | D:1      | Harunobu the Demonspawn Berserker began the quest for the
                  | Orb.
     0 | D:1      | Reached XP level 1. HP: 18/18 MP: 1/1
   287 | D:1      | Gained mutation: When hurt, damage is shared between your
                  | health and your magic reserves. [demonic ancestry]
   287 | D:1      | Reached XP level 2. HP: 22/24 MP: 2/2
  1134 | D:2      | Reached ** piety under Trog
  1197 | D:2      | Found an opulent altar of Gozag.
  1214 | D:2      | Reached XP level 3. HP: 24/29 MP: 1/3
  1754 | D:2      | Found a sacrificial altar of Ru.
  1861 | D:2      | Found a radiant altar of Vehumet.
  2148 | D:2      | Noticed Jessica
  2153 | D:2      | Killed Jessica
  2153 | D:2      | Gained mutation: You regenerate magic rapidly. [demonic
                  | ancestry]
  2153 | D:2      | Reached XP level 4. HP: 32/36 MP: 2/4
  3071 | D:3      | Found a hazy altar of Hepliaklqana.
  3098 | D:3      | Reached XP level 5. HP: 42/42 MP: 5/5
  3100 | D:3      | Reached *** piety under Trog
  3133 | D:3      | Found an iron altar of Okawaru.
  3169 | D:3      | Found a basalt altar of Yredelemnul.
  3575 | D:4      | Reached skill level 5 in Maces & Flails
  3604 | D:4      | Found a shattered altar of Ashenzari.
  3627 | D:4      | Gained mutation: You have a pair of small antennae on your
                  | head. [demonic ancestry]
  3627 | D:4      | Reached XP level 6. HP: 46/48 MP: 6/6
  3654 | D:4      | Noticed a +0 dagger
  4041 | D:4      | Noticed a +0 hand axe
  4324 | D:4      | Found a hide-covered altar of Uskayaw.
  4335 | D:4      | Found a staircase to the Ecumenical Temple.
  4919 | D:4      | Gained mutation: You have a pair of antennae on your head.
                  | [demonic ancestry]
  4919 | D:4      | Reached XP level 7. HP: 55/55 MP: 7/7
  5349 | D:4      | Found a shimmering blue altar of Sif Muna.
  5389 | D:4      | Reached **** piety under Trog
  5634 | D:4      | Reached skill level 5 in Fighting
  5883 | D:5      | Entered Level 5 of the Dungeon
  6069 | D:5      | HP: 2/56 [poisoned by a worker ant]
  8126 | D:5      | Found a bloodstained altar of Trog.
  8525 | D:5      | Reached XP level 8. HP: 59/64 MP: 8/8
  8728 | D:6      | Mangled by a wyvern zombie

Illustrated notes

Levels and vault maps discovered:
D:1:      sevenhm_arrival_forest_fort_small_4, layout_loops_ring
D:2:      layout_basic, grunt_gozag_statues, grunt_temple_overflow_open,
          first_ration, kennysheep_jessica_study
D:3:      layout_rooms, okawaru_gym_becter, overflow_temple_1_default,
          lemuel_round_altar
D:4:      layout_gridville, dancing_weapons_uskayaw, ashenzari_altar_1,
          led_sif_pool, minmay_temple_entry_mini_moons
D:5:      layout_layer_cave, old_standard_altar
D:6:      layout_layer_cave, serial_bayou_pond_e, minmay_misc_feat_rows,
          kennysheep_path_1, uniq_menkaure

Skill      XL: |  1  2  3  4  5  6  7 |
---------------+----------------------+-----
Maces & Flails | 3 4 5 6 |  6.0
Armour         | 2 3 |  3.5
Fighting       | 4 6 |  6.3
Dodging        | 2 3 |  3.1

Action                   |  1- 3 |  4- 6 |  7- 9 || total
-------------------------+-------+-------+-------++-------
Melee: Mace              |    14 |       |       ||    14
       Whip              |   160 |   102 |       ||   262
       Dagger            |       |   139 |   281 ||   420
Invok: Berserk           |     1 |     8 |     5 ||    14
  Use: Scroll            |       |     5 |     3 ||     8
  Eat: Chunk             |     4 |    16 |     8 ||    28
       Ration            |       |       |     3 ||     3
Armor: Plate armour      |   122 |   119 |       ||   241
       Animal skin       |     2 |       |       ||     2
       Skin              |       |     2 |    19 ||    21
Dodge: Dodged            |    51 |    91 |   155 ||   297

Table legend:
 A = Non-vault XP
 B = Vault XP
 C = Vault XP percentage of total XP
 D = Non-vault monster count
 E = Vault monster count
 F = Vault count percentage of total count
                 A         B        C        D         E       F
            +---------+---------+-------+---------+---------+-------
      Total |    1445 |      39 |   2.6 |     118 |       2 |   1.7
            +---------+---------+-------+---------+---------+-------
        D:1 |      33 |       0 |   0.0 |      19 |       0 |   0.0
        D:2 |     100 |      39 |  28.1 |      24 |       2 |   7.7
        D:3 |     145 |       0 |   0.0 |      25 |       0 |   0.0
        D:4 |     592 |       0 |   0.0 |      29 |       0 |   0.0
        D:5 |     539 |       0 |   0.0 |      19 |       0 |   0.0
        D:6 |      36 |       0 |   0.0 |       2 |       0 |   0.0
            +---------+---------+-------+---------+---------+-------
